 Dungeon Crawl Stone Soup version 0.28-a0-973-ga7f8b01127 (webtiles) character file.

Game seed: 14650922987469145609

47 Turgor the Scratcher (level 3, 0/15 HPs)
             Began as a Felid Transmuter on Dec 1, 2021.
             Succumbed to an adder's poison
             ... on level 2 of the Dungeon.
             The game lasted 00:26:20 (2993 turns).

Turgor the Scratcher (Felid Transmuter)             Turns: 2993, Time: 00:26:21

Health: 0/15       AC:  1    Str:  6    XL:     3   Next: 48%
Magic:  6/7        EV: 18    Int: 14    God:
Gold:   41         SH:  0    Dex: 18    Spells: 3/6 levels left
                                        Lives:  0   Deaths: 0

rFire   . . .      SeeInvis +     - Unarmed
rCold   . . .      Faith    .   (shield unavailable)
rNeg    . . .      Spirit   .   (armour unavailable)
rPois   .          Reflect  .   (helmet unavailable)
rElec   .          Harm     .   (cloak unavailable)
rCorr   .          Rampage  .   (gloves unavailable)
Will    .....                   (boots unavailable)
Stlth   ++........              (no amulet)
HPRegen 0.05/turn               (no ring)
MPRegen 0.10/turn               (no ring)

@: lethally poisoned (0 -> -8), appendages, hasted, very quick
A: horns 2, very small, claws 1, fangs 3, see invisible, speed 1, shaggy fur 1,
stealthy paws, no weapons or thrown items, no armour, multi-lived
a: End Transformation


You were on level 2 of the Dungeon.
You had temporarily grown beastly horns.
You visited 1 branch of the dungeon, and saw 2 of its levels.

You collected 41 gold pieces.

Inventory:

Scrolls
 b - a scroll of teleportation {unknown}
 c - a scroll of vulnerability


   Skills:
 + Level 1.4 Fighting
 - Level 3.0 Dodging
 + Level 1.0 Stealth
 + Level 3.2 Unarmed Combat
 + Level 2.2 Spellcasting
 * Level 1.6 Translocations
 * Level 3.0 Transmutations


You had 3 spell levels left.
You knew the following spells:

 Your Spells              Type           Power      Damage    Failure   Level
a - Beastly Appendage     Tmut           18%        N/A       7%          1
b - Blink                 Tloc           12%        N/A       19%         2

Your spell library contained the following spells:

 Spells                   Type           Power      Damage    Failure   Level
 Wereblood                Tmut           9%         N/A       11%         2
 Spider Form              Tmut/Pois      5%         N/A       36%         3
 Ice Form                 Ice/Tmut       5%         N/A       77%         4
 Manifold Assault         Tloc           6%         N/A       97%         5
 Storm Form               Tmut/Air       2%         N/A       100%        7


Dungeon Overview and Level Annotations

Branches:
Dungeon (2/15)

Altars:

Shops:
D:1 ?   D:2 (


Innate Abilities, Weirdness & Mutations

You have temporarily grown beastly horns.
You have sharp claws.
You have razor-sharp teeth.
You have supernaturally acute eyesight. (SInv)
You cover ground quickly. (Speed+)
You are covered in fur. (AC +1)
Your paws help you pounce on unaware monsters.
You are incapable of wielding weapons or throwing items.
You cannot wear armour.
You gain extra lives every three experience levels.


Message History

You grow a pair of large bovine horns.
The dart slug misses you.
You scratch the dart slug.
The dart slug is heavily wounded.
You scratch the dart slug. You headbutt the dart slug.
You kill the dart slug!
Your Transmutations skill increases to level 3!
Casting: Beastly Appendage (safe; 7% risk of failure)
Confirm with . or Enter, or press ? or * to list all spells.
Okay, then.
Unknown command.
Okay, then.
Unknown command.
You see here a +0 ring mail.
Your transformation is almost over.
Magic restored.
Your horns disappear.
You see here a scroll of vulnerability.
c - a scroll of vulnerability You open the large door.
There is a large open door here.
Casting: Beastly Appendage (safe; 7% risk of failure)
Confirm with . or Enter, or press ? or * to list all spells.
You grow a pair of large bovine horns.
The adder bites you.
You are poisoned.
The adder poisons you!
You barely miss the adder. Your bite misses the adder.
You feel sick. The adder bites you.
You barely miss the adder. Your headbutt misses the adder.
You feel sick. The adder closely misses you.
You scratch the adder. You bite the adder.
The adder is heavily wounded.
You feel sick. The adder bites you.
* * * LOW HITPOINT WARNING * * *
The adder bites you.
* * * LOW HITPOINT WARNING * * *
You are more poisoned.
The adder poisons you!
It was a potion of haste.
You feel yourself speed up.
You die...

...#
#.....(.....######.##.######
#########.##.....# #.##.#
....#...#.######'### #..#.#
....#...#.##.......# ##.#.#
....#...#.##.......#####..<#
....#...#.##.......##......#
....#...#..........##......#
..###...#.....##S####......#
..# #.........##@..........#
..# ###..................#.#
..# #...#####...........>####
..# #...#.....#.............#
..#####.........#....##.......#
................#....##.......#
................#....##.......#
#.##++##........#######.......#
.## ##..........# #########


You could see an adder.

Vanquished Creatures
  An adder (D:2)
  3 dart slugs
  6 ball pythons
  3 endoplasms (D:1)
  3 hobgoblins (D:1)
  5 quokkas (D:1)
  2 bats (D:1)
  3 frilled lizards (D:1)
  3 kobolds (D:1)
  A rat (D:1)
30 creatures vanquished.

Vanquished Creatures (others)
  18 plants (D:1)
18 creatures vanquished.

Grand Total: 48 creatures vanquished

Notes
Turn   | Place    | Note
-------+----------+-------------------------------------------
     0 | D:1      | Turgor the Felid Transmuter began the quest for the Orb.
     0 | D:1      | Reached XP level 1. HP: 9/9 MP: 4/4
   360 | D:1      | Reached XP level 2. HP: 11/12 MP: 4/6
   364 | D:1      | Learned a level 2 spell: Blink
   787 | D:1      | Found a faded altar of an unknown god.
  1127 | D:1      | Found Atufrywi's Magic Scroll Shop.
  1489 | D:1      | Reached skill level 1 in Translocations
  1886 | D:1      | Reached XP level 3. HP: 12/15 MP: 5/7
  2128 | D:2      | Found Hiv Fera's Weapon Emporium.
  2884 | D:2      | Reached skill level 1 in Stealth
  2993 | D:2      | Succumbed to an adder's poison

Illustrated notes

Levels and vault maps discovered:
D:1:      dpeg_arrival_triangle_fractal, layout_basic, serial_shops,
          nicolae_lakefront_shop, hellmonk_ecumenical_altar_leap_of_faith,
          wad_woods_river_04, minmay_unequal
D:2:      layout_basic, serial_shops, nicolae_shop_trees,
          kennysheep_generic_room_3

Skill      XL: |  1  2  3 |
---------------+----------+-----
Dodging        | 3 |  3.0
Translocations | 1 |  1.6
Stealth        | 1 |  1.0
Transmutations | 3 |  3.0
Fighting       | |  1.4
Unarmed Combat | |  3.2
Spellcasting   | |  2.2

Action                   || total
-------------------------++-------
Melee: Unarmed           ||   103
       Headbutt          ||    14
       Bite              ||     9
       Punch             ||     1
 Cast: Beastly Appendage ||    35
  Use: Scroll            ||     2
       Potion            ||     1
 Stab: Sleeping          ||     3
Armor: Skin              ||     1
Dodge: Dodged            ||    72

Table legend: (Time is in decaauts)
 A = Elapsed time spent in this place.
 B = Non-inter-level travel time spent in this place.
 C = Inter-level travel time spent in this place.
 D = Time resting spent in this place.
 E = Time spent auto-exploring this place.
 F = Levels seen in this place.
 G = Mean time per level.
                   A        B        C        D        E       F      G
               +--------+--------+--------+--------+--------+-----+--------+
         Total |   2673 |   2673 |      0 |   1096 |    351 |   2 | 1336.5 |
       Dungeon |   2673 |   2673 |      0 |   1096 |    351 |   2 | 1336.5 |
               +--------+--------+--------+--------+--------+-----+--------+

Top non-repeatable levels by time:
     D:1: 1933 daAuts
     D:2: 740 daAuts
